Cogmind - Beta 10.2 @@@ ROGUE MODE // 2021.01.28 @ 13:52:59 Player: W_W Result: Destroyed by S-43 Plague with Heavy Machine Gun Performance ------------- Evolutions (6) 3000 Regions Visited (16) 3200 Robots Destroyed (161) 805 Value Destroyed (6920) 6920 Prototype IDs (32) 640 Alien Tech Used (0) 0 Bonus (1783) 1783 TOTAL SCORE: 16348 Bonus ------- High Alert Combat Kills 559 Follower Combat Kills 87 Entered Garrisons 400 Used RIF Installer 1000 Aligned with FarCom 300 Friendly Fire -563 Cogmind --------- Core Integrity 0/1150 Matter 255/300 Energy 32/180 System Corruption 11% Temperature Cool (-200) Movement Walking (150) Ox1 Location -3/Proximity Caves Parts ------- > --- POWER (2) -------- Light Particle Reactor > --- PROPULSION (5) --- Flexi-carbon Leg Myomer Leg Myomer Leg > --- UTILITY (8) ------ Advanced Cryofiber Web Advanced Heat Sink Advanced Heat Sink Advanced Heat Sink Large Storage Unit High-capacity Storage Unit Advanced Core Analyzer > --- WEAPON (4) ------- Heavy Proton Cannon Gravity Flail > --- INVENTORY (18) --- Improved Antigrav System Improved Antigrav System Compact Battery (142) Compact Battery (0) High-capacity Matter Pod (200) High-capacity Matter Pod (200) Improved Hacking Suite Relay Coupler [Grunt] (25) Relay Coupler [Hunter] (15) System Backup Module Improved Remote Datajack Advanced Remote Datajack Peak State ------------ > --- POWER ------------ Neutrino Core Neutrino Core > --- PROPULSION ------- Medium Treads Improved Heavy Treads Improved Heavy Treads > --- UTILITY ---------- Advanced Cryofiber Web Advanced Heat Sink Advanced Heat Sink Large Storage Unit Large Storage Unit High-capacity Storage Unit Advanced Core Analyzer Improved Remote Force Field > --- WEAPON ----------- Quantum Rifle HERF Cannon Advanced Assault Cannon Gravity Flail > --- INVENTORY -------- Reinforced Fission Core Medium Treads Flexi-carbon Leg Myomer Leg Myomer Leg Myomer Leg Advanced Cryofiber Web Advanced Heat Sink High-capacity Matter Pod High-capacity Matter Pod Relay Coupler [Grunt] Relay Coupler [Hunter] System Backup Module Variable Charge Gun Variable Charge Gun Variable Charge Gun Heavy Proton Cannon Neutron Cannon Neutron Cannon Hypervelocity Gauss Cannon Improved Proton Missile Launcher Improved Remote Datajack [Rating: 118] Favorites ----------- Power Neutrino Core Engine Improved Ion Engine Power Core Neutrino Core Reactor Cold Fusion Reactor Propulsion Improved Heavy Treads Treads Improved Heavy Treads Leg Myomer Leg Hover Unit Improved Antigrav System Flight Unit Flying Fortress v7 Utility Large Storage Unit Device Advanced Heat Sink Storage Large Storage Unit Processor Advanced Core Analyzer Hackware Relay Coupler [Grunt] Protection Improved Light Armor Plating Weapon Hypervelocity Gauss Cannon Energy Gun Variable Charge Gun Energy Cannon Heavy Neutron Cannon Ballistic Gun Light Assault Rifle Ballistic Cannon Hypervelocity Gauss Cannon Launcher Improved Proton Missile Launcher Special Weapon Remote Datajack Impact Weapon Gravity Flail Slashing Weapon Katana Build | -11 -10 -10 -10 -9 -8 -8 -8 -7 -6 -6 -5 -4 -4 -4 -4 -3 ------- Run | Scr Mat Min Exi Min Mat Gar Mat Fac Fac Gar Fac Fac Upp Upp Zhi Pro Slots Evolved 12 | . . . . . 4 . . 2 2 . 2 2 . . . . Power 1 | . . . . . . . . 1 . . . . . . . . Propulsion 3 | . . . . . 2 . . 1 . . . . . . . . Utility 6 | . . . . . 2 . . . 2 . . 2 . . . . Weapon 2 | . . . . . . . . . . . 2 . . . . . Parts Attached 214 | 7 11 2 3 . 18 10 9 11 10 16 9 43 12 22 . 31 Power 23 | 1 2 . 1 . 3 . 2 1 3 . 1 5 . 1 . 3 Engine 14 | 1 2 . 1 . 3 . 2 1 2 . . 1 . . . 1 Core 5 | . . . . . . . . . . . 1 3 . 1 . . Reactor 4 | . . . . . . . . . 1 . . 1 . . . 2 Propulsion 53 | 2 4 1 2 . 5 . . 3 . 10 1 9 . 6 . 10 Treads 21 | 2 4 1 . . . . . . . 4 . 4 . 5 . 1 Leg 22 | . . . 2 . 2 . . . . 3 1 5 . 1 . 8 Wheel . | . . . . . . . . . . . . . . . . . Hover 1 | . . . . . . . . . . . . . . . . 1 Flight 9 | . . . . . 3 . . 3 . 3 . . . . . . Utility 62 | 2 2 . . . 4 6 4 2 6 3 2 11 5 6 . 9 Device 34 | . . . . . 2 2 1 . 2 1 . 9 5 4 . 8 Storage 8 | 2 2 . . . . . 2 . . . 1 1 . . . . Processor 1 | . . . . . . . . . . . . . . 1 . . Hackware 1 | . . . . . . . . . . 1 . . . . . . Protection 18 | . . . . . 2 4 1 2 4 1 1 1 . 1 . 1 Artifact . | . . . . . . . . . . . . . . . . . Weapon 76 | 2 3 1 . . 6 4 3 5 1 3 5 18 7 9 . 9 Energy Gun 14 | 1 1 . . . 4 . . . . . . 1 1 3 . 3 Energy Cannon 13 | . . . . . 1 . . . . 1 1 3 1 3 . 3 Ballistic Gun 17 | 1 2 1 . . 1 2 2 1 1 . . 5 . . . 1 Ballistic Cannon 13 | . . . . . . 1 1 2 . . 2 3 3 1 . . Launcher 7 | . . . . . . 1 . . . 1 . 3 . 2 . . Special Weapon 4 | . . . . . . . . . . 1 2 1 . . . . Impact Weapon 6 | . . . . . . . . . . . . 2 2 . . 2 Slashing Weapon 2 | . . . . . . . . 2 . . . . . . . . Piercing Weapon . | . . . . . . . . . . . . . . . . . Special Melee Weapon . | . . . . . . . . . . . . . . . . . Unidentified Prototypes 9 | . . . . . 1 . 1 2 1 . 1 3 . . . . Parts Lost 61 | . 1 3 . . 3 . . . . 1 3 3 4 15 . 28 Power 7 | . . 1 . . 1 . . . . . . . . 1 . 4 Propulsion 17 | . . 2 . . . . . . . . 2 1 . 5 . 7 Utility 16 | . . . . . . . . . . 1 1 1 2 3 . 8 Weapon 21 | . 1 . . . 2 . . . . . . 1 2 6 . 9 Highest Loss Streak 14 | . 1 2 . . 2 . . . . 1 2 1 4 6 . 14 Average Slot Usage (%) 83 | . 98 92 97 100 60 69 71 75 80 82 97 90 86 87 89 80 Engine 4 | . 14 10 14 14 9 9 8 15 6 6 5 2 . . . 1 Core 4 | . . . . . . . . . . . 1 7 10 10 10 5 Treads 9 | . 27 24 2 . . . . . . 3 11 6 15 16 15 9 Leg 3 | . . . 23 28 2 . . . . 1 15 15 . . . 4 Flight 3 | . . . . . 6 9 9 15 13 11 . . . . . . Device 10 | . . . . . 3 2 . . 13 5 5 16 19 18 21 19 Storage 16 | . 28 28 28 28 18 18 18 15 13 13 11 12 15 15 15 14 Processor 1 | . . . . . . . . . . . . . . 5 5 5 Protection 5 | . . . . . 3 13 17 14 13 17 10 4 3 . . . Energy Gun 4 | . 8 . . . 8 . . . . . . 1 4 7 15 11 Energy Cannon 2 | . . . . . 4 . . . . 4 . 2 3 6 . 1 Ballistic Gun 5 | . 18 28 28 28 4 14 9 5 6 6 . 2 . . . . Ballistic Cannon 4 | . . . . . . . 8 6 6 . 10 10 10 2 . . Launcher 1 | . . . . . . 1 . . . 1 5 2 . 2 5 3 Naked Turns . | . . . . . . . . . . . . . . . . . Heaviest Build 155 | 16 40 40 40 40 63 69 58 72 82 79 107 149 155 152 127 131 Greatest Support 178 | 40 40 40 20 20 72 72 72 78 78 78 51 178 178 178 74 120 Greatest Overweight (x) 20 | . . 1 13 1 20 . . . 1 13 3 2 . 2 1 4 Average Overweight (x) . | . . . 1 1 1 . . . . 3 1 . . . 1 1 Largest Inventory Capacity 24 | 8 16 16 16 16 16 16 16 16 16 16 18 24 24 24 24 24 Average Capacity 19 | 5 13 16 16 16 16 16 16 16 16 16 17 20 24 24 24 23 Most Carried 24 | 6 16 16 16 14 16 16 16 16 16 16 18 24 24 24 24 24 Average Carried 18 | 3 10 15 14 14 15 15 15 15 15 15 15 20 23 23 24 21 Final Capacity 24 | 8 16 16 16 16 16 16 16 16 16 16 18 24 24 24 24 18 Final Carried 24 | 6 15 16 14 14 16 16 16 16 16 16 18 24 24 24 24 12 Class Distribution -------------------- 43% | Mutant 16% | Scavenger-Gunner 12% | Scavenger-Mutant 12% | Hauler-Mutant 9% | Hauler-Tank 3% | Scavenger-Tank Dominant Class ---------------- Mutant | -10/Materials Mutant | -10/Mines Mutant | -10/Exiles Mutant | -9/Mines Mutant | -8/Materials Mutant | -8/Garrison Mutant | -8/Materials Mutant | -7/Factory Mutant | -6/Factory Mutant | -6/Garrison Scavenger-Mutant | -5/Factory Scavenger-Tank | -4/Factory Hauler-Mutant | -4/Upper Caves Scavenger-Gunner | -4/Upper Caves Scavenger-Gunner | -4/Zhirov Scavenger-Gunner | -3/Proximity Caves Resources | -11 -10 -10 -10 -9 -8 -8 -8 -7 -6 -6 -5 -4 -4 -4 -4 -3 ----------- Run | Scr Mat Min Exi Min Mat Gar Mat Fac Fac Gar Fac Fac Upp Upp Zhi Pro Matter Collected 6487 | 261 280 211 . . 214 256 521 231 115 633 88 2190 630 573 . 284 Remotely . | . . . . . . . . . . . . . . . . . Salvage Created 7921 | 180 297 69 . . 466 291 698 248 115 519 115 2410 508 1363 . 642 Parts 335 | 15 27 5 . . 19 16 32 9 5 17 3 115 16 34 . 22 Haulers Intercepted 4 | . 1 . . . 1 . . . . . . 2 . . . . Recyclers Shooed 7 | 1 . . . . . . . . . . . 6 . . . . Parts Field Recycled . | . . . . . . . . . . . . . . . . . Retrieved Matter . | . . . . . . . . . . . . . . . . . Parts Self-Destructed 40 | . . . . . . . . . . . . . 14 16 . 10 Prevented 23 | . . . . . . . . . . . . . 3 15 . 5 Kills | -11 -10 -10 -10 -9 -8 -8 -8 -7 -6 -6 -5 -4 -4 -4 -4 -3 ------- Run | Scr Mat Min Exi Min Mat Gar Mat Fac Fac Gar Fac Fac Upp Upp Zhi Pro Combat Hostiles Destroyed 116 | . 6 4 . . 9 7 15 5 1 10 2 17 12 18 . 10 Melee 2 | . . . . . . . . . . . . . . . . 2 Guns 37 | . 4 4 . . 7 6 8 . 1 . . 1 . 1 . 5 Cannons 48 | . . . . . 1 1 7 1 . 1 2 15 11 9 . . AOE 19 | . 2 . . . . . . 4 . 6 . . 1 4 . 2 Classes Destroyed 17 | 3 5 1 . . 2 . . . . 1 . 2 2 1 . . Worker 11 | 2 . . . . . . . 1 . . . 8 . . . . Builder 7 | . 1 . . . . . . . . . . 6 . . . . Tunneler 3 | 3 . . . . . . . . . . . . . . . . Hauler 4 | . 1 . . . 1 . . . . . . 2 . . . . Recycler 9 | 1 1 . . . 1 . 1 . . . . 5 . . . . Minesweeper 1 | . . . . . . . . . . . . . 1 . . . Watcher 8 | . 2 . . . 1 . 1 1 1 . 1 1 . . . . Swarmer 25 | . 4 3 . . 3 . 4 . . 4 . . 4 . . 3 Grunt 43 | . 2 . . . 5 5 4 3 . 4 . 4 5 6 . 5 Brawler 6 | . . . . . . . . . . 2 . 1 . 3 . . Duelist 6 | . . . . . . . . . . . . 1 . 5 . . Protector 1 | . . . . . . . . . . . . . . 1 . . Sentry 21 | . . . . . 1 1 7 1 1 . 2 4 2 2 . . Hunter 9 | . . . . . 1 1 . 1 . . . 4 . 2 . . Programmer 6 | . . . . . . . . . . . . 4 . . . 2 Assembled 1 | . . 1 . . . . . . . . . . . . . . Mutant 1 | . . . . . . . . . . . . . 1 . . . Best Kill Streak 8 | 3 6 3 . . 3 2 4 6 1 8 1 6 4 7 . 4 Combat Bots Only 8 | . 5 3 . . 3 2 2 5 1 8 1 3 4 7 . 4 Max Kills in Single Turn 5 | 1 2 1 . . 1 1 1 3 1 4 1 5 1 2 . 2 Gunslinging . | . . . . . . . . . . . . . . . . . Exploded 4 | . 2 . . . . . . 3 . 4 . . 1 2 . 2 Melee 1 | . . . . . . . . . . . . . . . . 1 Uniques/NPCs Destroyed . | . . . . . . . . . . . . . . . . . Combat | -11 -10 -10 -10 -9 -8 -8 -8 -7 -6 -6 -5 -4 -4 -4 -4 -3 -------- Run | Scr Mat Min Exi Min Mat Gar Mat Fac Fac Gar Fac Fac Upp Upp Zhi Pro Damage Taken 12251 | . 298 372 . . 773 359 378 57 212 336 319 1477 1128 3108 . 3434 Core 1527 | . 46 52 . . 73 90 30 24 25 37 . 91 30 298 . 731 Absorbed by Shields 1106 | . . . . . . . . . . 5 . 325 386 193 . 197 Reduced by Siege Mode 234 | . . . . . . . . . . . . . 7 227 . . Core Remaining (%) 85 | 100 . . . 60 . . 64 96 . 92 100 . . . . . Volleys Fired 469 | 23 28 18 . . 54 36 54 9 16 38 18 77 36 41 . 21 Largest 4 | 2 2 2 . . 2 2 2 2 2 2 2 4 4 4 . 4 Hottest 332 | 60 60 40 . . 131 104 76 76 81 113 101 270 332 316 . 287 Shots Fired 981 | 46 55 36 . . 94 59 92 15 32 48 26 209 105 113 . 51 Gun 472 | 46 55 36 . . 74 44 54 9 16 10 . 45 25 13 . 45 Cannon 465 | . . . . . 20 4 38 6 16 33 22 151 80 93 . 2 Launcher 37 | . . . . . . 11 . . . 4 3 8 . 7 . 4 Special 7 | . . . . . . . . . . 1 1 5 . . . . Kinetic 631 | 23 40 36 . . 26 45 92 15 32 12 22 170 64 51 . 3 Thermal 223 | . . . . . 68 3 . . . 31 . 2 41 36 . 42 Explosive . | . . . . . . . . . . . . . . . . . Electromagnetic 120 | 23 15 . . . . 11 . . . 4 3 32 . 26 . 6 Robot Hit Streak 34 | 8 10 4 . . 23 7 12 7 3 10 12 12 14 34 . 6 Robot Miss Streak 6 | 3 3 3 . . 4 2 5 2 4 6 1 5 2 3 . 2 Penetration Max 1 | . . . . . . . 1 . . . . 1 1 1 . . Secondary Targets 4 | . 1 2 . . . . . . . . . . . . . 1 Max Gunslinging Chain 1 | . 1 1 . . . . . . . . . . . . . 1 Shots Hit Robots 621 | 25 31 13 . . 60 29 46 11 13 28 12 128 83 87 . 55 Core Hits 343 | 11 16 6 . 1 22 19 20 18 3 11 8 97 34 51 . 26 Critical Hits 65 | . . . . . . . 2 1 4 4 2 29 17 6 . . Critical Kills 25 | . . . . . . . 1 . 2 . . 14 6 2 . . Critical Parts Destroyed 32 | . . . . . . . 1 1 2 3 1 11 9 4 . . Melee Attacks 36 | . . . . . . . . 3 . . . 4 2 . . 27 Impact 33 | . . . . . . . . . . . . 4 2 . . 27 Slashing 3 | . . . . . . . . 3 . . . . . . . . Piercing . | . . . . . . . . . . . . . . . . . Sneak Attacks 3 | . . . . . . . . . . . . 3 . . . . Combat Hostiles . | . . . . . . . . . . . . . . . . . Follow-up Attacks . | . . . . . . . . . . . . . . . . . Damage Inflicted 17050 | 244 465 137 . 7 970 651 1063 958 240 1064 537 3963 1649 3203 . 1899 Guns 4490 | 237 387 137 . . 658 463 664 108 59 38 . 289 616 177 . 657 Cannons 7094 | . . . . . 311 40 399 113 110 485 343 2121 997 2167 . 8 Explosions 4121 | . 72 . . . . 148 . 737 71 541 194 1135 . 859 . 364 Melee 1200 | . . . . . . . . . . . . 330 . . . 870 Ramming 145 | 7 6 . . 7 1 . . . . . . 88 36 . . . Kinetic 6254 | 103 245 137 . . 69 482 1063 221 169 61 343 1656 715 944 . 46 Thermal 4793 | . 72 . . . 900 21 . 380 71 462 . 88 898 1205 . 696 Explosive 114 | . . . . . . . . 114 . . . . . . . . Electromagnetic 4544 | 134 142 . . . . 148 . 243 . 541 194 1801 . 1054 . 287 Impact 1200 | . . . . . . . . . . . . 330 . . . 870 Slashing . | . . . . . . . . . . . . . . . . . Piercing . | . . . . . . . . . . . . . . . . . Highest Corruption 11 | . . . . . . . . . . 4 . 3 3 9 . 11 Average Corruption 3 | . . . . . . . . . . 4 . 2 2 3 . 9 Corruption Purged 13 | . . . . . . . . . . . . . 4 9 . . Effects 113 | . . . . . . . . . . 24 . 20 21 35 . 13 Message Errors 27 | . . . . . . . . . . 9 . 4 4 6 . 4 Matter Fused 23 | . . . . . . . . . . 8 . 3 5 7 . . Heat Flow Errors 13 | . . . . . . . . . . 1 . 4 2 5 . 1 Energy Discharges 18 | . . . . . . . . . . 4 . 2 6 4 . 2 Data Loss (minor) 15 | . . . . . . . . . . 2 . 1 4 7 . 1 Data Loss (major) 4 | . . . . . . . . . . . . . . 2 . 2 Misfires 2 | . . . . . . . . . . . . . . 2 . . Misdirections 1 | . . . . . . . . . . . . . . . . 1 Targeting Errors 8 | . . . . . . . . . . . . 5 . 1 . 2 Weapon Failures 2 | . . . . . . . . . . . . 1 . 1 . . Overload Shots . | . . . . . . . . . . . . . . . . . Overflow Damage 619 | . . . . . 9 . 11 134 . . 18 258 41 57 . 91 Projectiles 92 | . . . . . 9 . 11 . . . 1 41 18 12 . . Explosions 203 | . . . . . . . . 134 . . 17 7 . 45 . . Melee 324 | . . . . . . . . . . . . 210 23 . . 91 Knockbacks 51 | . . . . . . . 4 . . . . 22 10 11 . 4 Impact 7 | . . . . . . . . . . . . 3 . . . 4 Kinetic 40 | . . . . . . . 3 . . . . 18 9 10 . . Secondary 4 | . . . . . . . 1 . . . . 1 1 1 . . Self-Inflicted Damage 248 | . 39 . . . . 21 . . . . . . . 186 . 2 Shots 8 | . 1 . . . . 1 . . . . . . . 5 . 1 Rammed 10 | 1 2 . . 1 1 . . . . . . 3 2 . . . Targets Rammed 15 | 1 2 . . 2 1 . . . . . . 7 2 . . . Kicked 5 | . . . . 1 . . . . . . . 4 . . . . Crushed . | . . . . . . . . . . . . . . . . . Highest Temperature 896 | 100 70 9 . . 491 144 332 117 300 491 . 153 334 418 . 896 Average Temperature 122 | 51 25 9 . . 127 37 74 55 106 271 . 54 122 122 . 505 Received Heat Transfer 1727 | . 78 9 . . 225 162 99 15 33 63 18 80 297 338 . 310 Effects 43 | . . . . . 5 . 1 . . 11 . . . . . 26 Shutdowns 5 | . . . . . 1 . . . . 1 . . . . . 3 Energy Bleed 7 | . . . . . 2 . . . . 1 . . . . . 4 Interference 6 | . . . . . 1 . . . . 1 . . . . . 4 Matter Decay 4 | . . . . . . . 1 . . . . . . . . 3 Short Circuit 4 | . . . . . . . . . . 2 . . . . . 2 Damage (minor) 3 | . . . . . . . . . . 2 . . . . . 1 Damage (major) 12 | . . . . . 1 . . . . 4 . . . . . 7 Damage (core) 2 | . . . . . . . . . . . . . . . . 2 Siege Activations 7 | . . . . . . . . . . . . . 4 3 . . Total Turns 118 | . . . . . . . . . . . . . 52 66 . . Longest Duration 46 | . . . . . . . . . . . . . 32 46 . . Robots Corrupted 8 | . . . . . . . . . . 2 . 1 . 5 . . Combat Hostiles 7 | . . . . . . . . . . 2 . 1 . 4 . . Parts Fried 30 | 1 . . . . . . . 1 . 3 3 9 . 8 . 5 Impact Corruptions 19 | . . . . . . . 1 . . . . 7 4 . . 7 Robots Melted 3 | . . . . . 1 . . . . 1 . . . . . 1 Combat Hostiles 3 | . . . . . 1 . . . . 1 . . . . . 1 Parts Melted 10 | . . . . . 3 . . . . . . 1 1 1 . 4 Heat Transferred 6405 | . 50 . . . 1850 37 . 200 50 900 . 175 1134 886 . 1123 Parts Sabotaged . | . . . . . . . . . . . . . . . . . Parts Stolen . | . . . . . . . . . . . . . . . . . Parts Stripped . | . . . . . . . . . . . . . . . . . Power Chain Reactions 8 | . 1 . . . . . . 1 . 1 . 2 . 2 . 1 Missiles Intercepted . | . . . . . . . . . . . . . . . . . Alert | -11 -10 -10 -10 -9 -8 -8 -8 -7 -6 -6 -5 -4 -4 -4 -4 -3 ------- Run | Scr Mat Min Exi Min Mat Gar Mat Fac Fac Gar Fac Fac Upp Upp Zhi Pro Peak Influence 991 | 30 228 118 . . 130 833 991 941 585 677 535 397 . . . . Initial 450 | . 19 33 . . . 53 405 450 377 409 354 40 . . . . Average 314 | 16 55 71 . . 43 434 727 636 453 524 336 234 . . . . Maximum Alert Level 3 | . 1 . . . . 3 3 3 2 2 2 1 . . . . Low Security (%) 41 | 100 98 100 . 100 100 14 . . . . 16 33 . . . . Level 1 20 | . 1 . . . . 33 . . 40 . 62 66 . . . . Level 2 29 | . . . . . . 42 38 61 59 100 21 . . . . . Level 3 8 | . . . . . . 9 61 38 . . . . . . . . Level 4 . | . . . . . . . . . . . . . . . . . Level 5 . | . . . . . . . . . . . . . . . . . High Security . | . . . . . . . . . . . . . . . . . Max Security . | . . . . . . . . . . . . . . . . . Squads Dispatched 25 | . 1 . . . 1 . 1 8 2 . 2 9 . 1 . . Investigation 11 | . . . . . . . . 7 2 . 1 1 . . . . Extermination 2 | . . . . . . . . . . . 1 1 . . . . Reinforcement 6 | . 1 . . . . . . . . . . 5 . . . . Assault 4 | . . . . . . . 1 1 . . . 1 . 1 . . Garrison 2 | . . . . . 1 . . . . . . 1 . . . . Intercept . | . . . . . . . . . . . . . . . . . Construction Impeded 2 | . . . . . . . . . . . . 2 . . . . Haulers Reinforced 2 | . . . . . . . . . . . . 2 . . . . Stealth | -11 -10 -10 -10 -9 -8 -8 -8 -7 -6 -6 -5 -4 -4 -4 -4 -3 --------- Run | Scr Mat Min Exi Min Mat Gar Mat Fac Fac Gar Fac Fac Upp Upp Zhi Pro Distress Signals 15 | . 1 1 . . 2 . 3 1 . . 2 5 . . . . Communications Jammed . | . . . . . . . . . . . . . . . . . Distress Signals . | . . . . . . . . . . . . . . . . . Times Spotted 230 | . 13 8 . . 19 19 34 8 7 10 4 30 32 30 . 16 Peak Tracking Total 9 | . 5 3 . . 3 5 7 3 4 7 3 5 9 8 . 5 Tactical Retreats 41 | . 1 1 . . 5 6 6 2 . . 1 4 9 5 . 1 Traps | -11 -10 -10 -10 -9 -8 -8 -8 -7 -6 -6 -5 -4 -4 -4 -4 -3 ------- Run | Scr Mat Min Exi Min Mat Gar Mat Fac Fac Gar Fac Fac Upp Upp Zhi Pro Traps Triggered 13 | . 3 . . . . . . 2 . 4 1 3 . . . . Indirectly 2 | . . . . . . . . . . . . 2 . . . . Trap Hack Attempts . | . . . . . . . . . . . . . . . . . Triggered . | . . . . . . . . . . . . . . . . . Disarmed . | . . . . . . . . . . . . . . . . . Reprogrammed . | . . . . . . . . . . . . . . . . . Reused 2 | . . . . . . . . . . . . . 2 . . . Traps Extracted . | . . . . . . . . . . . . . . . . . Installed 5 | . . . . . . . . . . . . . 5 . . . Triggered 3 | . . . . . . . . . . . 1 . 2 . . . Exploded 2 | . . . . . . 1 . 1 . . . . . . . . Machines | -11 -10 -10 -10 -9 -8 -8 -8 -7 -6 -6 -5 -4 -4 -4 -4 -3 ---------- Run | Scr Mat Min Exi Min Mat Gar Mat Fac Fac Gar Fac Fac Upp Upp Zhi Pro Machines Disabled 30 | . 2 . . . 1 . 4 8 1 1 7 3 2 1 . . Max in Single Turn 7 | . 2 . . . 1 . 1 3 1 1 7 2 1 1 . . Garrison Access 2 | . . . . . . . 1 . . . . 1 . . . . Garrison Relay 1 | . . . . . . . . . . 1 . . . . . . Machines Sabotaged 2 | . . . . . . . . 1 1 . . . . . . . Garrisons Compromised . | . . . . . . . . . . . . . . . . . Overloaded Fab Kills . | . . . . . . . . . . . . . . . . . Fab Network Shutdowns . | . . . . . . . . . . . . . . . . . Hacking | -11 -10 -10 -10 -9 -8 -8 -8 -7 -6 -6 -5 -4 -4 -4 -4 -3 --------- Run | Scr Mat Min Exi Min Mat Gar Mat Fac Fac Gar Fac Fac Upp Upp Zhi Pro Machines Accessed 33 | . 1 . 2 . 3 . 2 9 3 . 6 4 2 1 . . Terminals 17 | . 1 . . . 1 . 1 5 2 . 5 1 1 . . . Fabricators 4 | . . . . . . . . 3 . . . 1 . . . . Repair Stations 1 | . . . . . . . . 1 . . . . . . . . Recycling Units 2 | . . . . . 1 . . . . . . 1 . . . . Scanalyzers 2 | . . . . . . . . . . . 1 1 . . . . Garrison Access 3 | . . . . . 1 . 1 . 1 . . . . . . . Total Hacks 81 | . 1 . 2 . 7 . 7 21 8 . 21 8 5 1 . . Successful 42 | . . . 2 . 3 . 7 9 3 . 7 5 5 1 . . Failed 39 | . 1 . . . 4 . . 12 5 . 14 3 . . . . Catastrophic 9 | . 1 . . . 1 . . 3 1 . 2 1 . . . . Database Lockouts . | . . . . . . . . . . . . . . . . . Manual 43 | . 1 . 1 . 2 . 1 15 3 . 14 3 3 . . . Terminals 51 | . 1 . . . 3 . 5 13 6 . 17 2 4 . . . Fabricators 7 | . . . . . . . . 6 . . . 1 . . . . Repair Stations 2 | . . . . . . . . 2 . . . . . . . . Recycling Units 4 | . . . . . 2 . . . . . . 2 . . . . Scanalyzers 7 | . . . . . . . . . . . 4 3 . . . . Garrison Access 6 | . . . . . 2 . 2 . 2 . . . . . . . Terminal Hacks 18 | . . . 2 . 1 . 4 . 1 . 3 1 5 1 . . Record 8 | . . . 1 . 1 . . . 1 . 1 . 4 . . . Open Door 2 | . . . . . . . . . . . . . 1 1 . . Emergency Access Points 1 | . . . . . . . 1 . . . . . . . . . Terminal Index 2 | . . . . . . . 1 . . . 1 . . . . . Unreport Threat 2 | . . . . . . . . . . . 1 1 . . . . Patrol Status 1 | . . . . . . . 1 . . . . . . . . . Registered Components 1 | . . . . . . . 1 . . . . . . . . . EX-Prototype ID Bank 1 | . . . 1 . . . . . . . . . . . . . Fabricator Hacks . | . . . . . . . . . . . . . . . . . Repair Station Hacks 2 | . . . . . . . . 2 . . . . . . . . Scan Component 1 | . . . . . . . . 1 . . . . . . . . Repair 1 | . . . . . . . . 1 . . . . . . . . Recycling Unit Hacks 2 | . . . . . 1 . . . . . . 1 . . . . Retrieve Matter 1 | . . . . . . . . . . . . 1 . . . . Retrieve Components 1 | . . . . . 1 . . . . . . . . . . . Scanalyzer 5 | . . . . . . . . . . . 3 2 . . . . Insert Component 3 | . . . . . . . . . . . 2 1 . . . . Analyze 2 | . . . . . . . . . . . 1 1 . . . . Garrison Access Hacks 4 | . . . . . 1 . 2 . 1 . . . . . . . Unlock Access 3 | . . . . . 1 . 1 . 1 . . . . . . . Seal Access 1 | . . . . . . . 1 . . . . . . . . . Unauthorized Hacks 11 | . . . . . . . 1 7 1 . 1 1 . . . . Terminals 8 | . . . . . . . 1 5 1 . 1 . . . . . Assimilate 3 | . . . . . . . . 2 . . 1 . . . . . Botnet 2 | . . . . . . . 1 1 . . . . . . . . Detonate 1 | . . . . . . . . 1 . . . . . . . . Sabotage 2 | . . . . . . . . 1 1 . . . . . . . Fabricators 3 | . . . . . . . . 2 . . . 1 . . . . Download 3 | . . . . . . . . 2 . . . 1 . . . . Repair Stations . | . . . . . . . . . . . . . . . . . Recycling Units . | . . . . . . . . . . . . . . . . . Scanalyzers . | . . . . . . . . . . . . . . . . . Garrison Access . | . . . . . . . . . . . . . . . . . Data Cores Recovered . | . . . . . . . . . . . . . . . . . Used . | . . . . . . . . . . . . . . . . . Hacking Detections 22 | . 1 . . . 2 . 1 5 3 . 6 3 1 . . . Full Trace Events 6 | . . . . . . . . 4 1 . 1 . . . . . Feedback Events . | . . . . . . . . . . . . . . . . . Feedback Blocked . | . . . . . . . . . . . . . . . . . Robot Schematics Acquired . | . . . . . . . . . . . . . . . . . Robots Built . | . . . . . . . . . . . . . . . . . Matter . | . . . . . . . . . . . . . . . . . Time . | . . . . . . . . . . . . . . . . . Total Robot Build Rating . | . . . . . . . . . . . . . . . . . Part Schematics Acquired 2 | . . . . . . . . 1 . . . 1 . . . . Parts Built . | . . . . . . . . . . . . . . . . . Matter . | . . . . . . . . . . . . . . . . . Time . | . . . . . . . . . . . . . . . . . Total Part Build Rating . | . . . . . . . . . . . . . . . . . Parts Repaired 1 | . . . . . . . . 1 . . . . . . . . Time 19 | . . . . . . . . 19 . . . . . . . . Parts Recycled . | . . . . . . . . . . . . . . . . . Recycled Matter . | . . . . . . . . . . . . . . . . . Retrieved Matter . | . . . . . . . . . . . . . . . . . Retrieved Components 10 | . . . . . 10 . . . . . . . . . . . Parts Scanalyzed 2 | . . . . . . . . . . . 1 1 . . . . Part Schematics Acquired . | . . . . . . . . . . . . . . . . . Parts Damaged . | . . . . . . . . . . . . . . . . . Bothacking | -11 -10 -10 -10 -9 -8 -8 -8 -7 -6 -6 -5 -4 -4 -4 -4 -3 ------------ Run | Scr Mat Min Exi Min Mat Gar Mat Fac Fac Gar Fac Fac Upp Upp Zhi Pro Used RIF Installer 2 | . . . . . . 1 . . . 1 . . . . . . Alert ID Control 1 | . . . . . . . . . . 1 . . . . . . Robots Hacked 1 | . . . . . . . . . . 1 . . . . . . Non-combat . | . . . . . . . . . . . . . . . . . Combat 1 | . . . . . . . . . . 1 . . . . . . Robot Hacks Applied 1 | . . . . . . . . . . 1 . . . . . . amplify_resonance 1 | . . . . . . . . . . 1 . . . . . . Relay Couplers Released 6 | . . . . . . . . . . 5 . 1 . . . . Machine Destruction 6 | . . . . . . . . . . 5 . 1 . . . . Attached 1 | . . . . . . . . . . 1 . . . . . . Robots Rewired 7 | . . . . . . . . . . . 1 1 3 2 . . Allies Hacked . | . . . . . . . . . . . . . . . . . Hacks Repelled . | . . . . . . . . . . . . . . . . . Allies | -11 -10 -10 -10 -9 -8 -8 -8 -7 -6 -6 -5 -4 -4 -4 -4 -3 -------- Run | Scr Mat Min Exi Min Mat Gar Mat Fac Fac Gar Fac Fac Upp Upp Zhi Pro Total Allies 16 | . . 3 . . . . . 1 . . 3 4 3 2 . . Largest Group 3 | . . 3 2 2 2 . . 1 . . 3 3 3 3 . . Highest-Rated Group 138 | . . 40 30 30 30 . . 10 . . 91 138 87 95 . . Highest-Rated Ally 56 | . . 16 16 16 16 . . 10 . . 31 56 29 48 . . Total Orders 13 | . . . . . . . . . . . 2 4 4 3 . . STAY 8 | . . . . . . . . . . . 1 2 3 2 . . FOLLOW 5 | . . . . . . . . . . . 1 2 1 1 . . Ally Attacks 95 | . . 25 . . 7 . . . . . 21 5 . 37 . . Total Damage 1473 | . . 228 . . 109 . . . . . 313 107 . 716 . . Kills 5 | . . 2 . . 1 . . . . . 1 . . 1 . . Allies Corrupted 1 | . . . . . . . . . . . . . . 1 . . Allies Melted . | . . . . . . . . . . . . . . . . . Intel | -11 -10 -10 -10 -9 -8 -8 -8 -7 -6 -6 -5 -4 -4 -4 -4 -3 ------- Run | Scr Mat Min Exi Min Mat Gar Mat Fac Fac Gar Fac Fac Upp Upp Zhi Pro Robot Analysis Total . | . . . . . . . . . . . . . . . . . Derelict Logs Recovered 5 | . . . . 1 . . . . . . . . 3 1 . . Drone Launches . | . . . . . . . . . . . . . . . . . Drone Recoveries . | . . . . . . . . . . . . . . . . . Exploration | -11 -10 -10 -10 -9 -8 -8 -8 -7 -6 -6 -5 -4 -4 -4 -4 -3 ------------- Run | Scr Mat Min Exi Min Mat Gar Mat Fac Fac Gar Fac Fac Upp Upp Zhi Pro Turns Passed 18168 | 254 587 633 533 175 1784 1112 912 479 398 1418 955 1438 3237 2727 16 1510 Spaces Moved 11087 | 107 291 271 335 115 880 906 1292 988 604 409 474 606 1684 1398 9 718 Core 75 | 4 . . 1 . 70 . . . . . . . . . . . Treads 4745 | 103 291 271 42 . . . . . . 151 . 258 1684 1398 9 538 Legs 1520 | . . . 292 115 46 . . . . 65 474 348 . . . 180 Wheels . | . . . . . . . . . . . . . . . . . Hover . | . . . . . . . . . . . . . . . . . Flight 4747 | . . . . . 764 906 1292 988 604 193 . . . . . . Fastest Speed 39 | 50 160 160 150 150 50 50 50 39 39 39 150 120 160 160 180 120 Average Speed 125 | 155 160 163 155 150 121 50 50 39 39 268 169 159 160 179 180 179 Slowest Speed 1050 | 160 160 180 700 150 1050 50 50 39 124 945 210 200 160 200 180 240 Overloaded Moves . | . . . . . . . . . . . . . . . . . Propulsion Burnouts . | . . . . . . . . . . . . . . . . . Robots Hopped 52 | . . . . . 10 . 23 12 2 5 . . . . . . Cave-ins Triggered . | . . . . . . . . . . . . . . . . . Exploration Rate (%) 43 | 5 49 38 71 36 47 49 86 25 12 32 11 13 98 96 7 69 Regions Visited 16 Branch Regions 7 Pre-discovered Areas 5 | . . . 1 . . . . . . . . . 3 1 . . Known Exits Taken 2 | . . . . . 1 . . . 1 . . . . . . . Unknown Exits Taken 12 | 1 1 1 1 1 . . 1 1 . . 1 1 1 1 1 . Scrap Searched 11 | . . . . . . . . . . . . . 5 4 . 2 Spaces Dug 9 | . . . . . . . . 3 . . 4 2 . . . . Terrain Destroyed 170 | . 2 . . . . 1 16 40 17 4 25 18 9 26 . 12 Melee 4 | . . . . . . . . 3 . . . 1 . . . . Projectile 60 | . . . . . . 1 16 . 6 . 7 13 9 5 . 3 AOE 106 | . 2 . . . . . . 37 11 4 18 4 . 21 . 9 Terrain Rammed . | . . . . . . . . . . . . . . . . . Walls Destroyed . | . . . . . . . . . . . . . . . . . Machines Disabled . | . . . . . . . . . . . . . . . . . Actions | -11 -10 -10 -10 -9 -8 -8 -8 -7 -6 -6 -5 -4 -4 -4 -4 -3 --------- Run | Scr Mat Min Exi Min Mat Gar Mat Fac Fac Gar Fac Fac Upp Upp Zhi Pro Total 14378 | 149 361 430 351 117 1496 1504 1452 1051 732 678 601 922 2144 1526 9 855 Wait 2245 | 6 9 138 . 1 512 546 92 25 89 182 91 128 357 24 1 44 Move 10969 | 106 290 270 334 114 859 905 1247 964 599 397 473 605 1683 1397 8 718 Hop 49 | . . . . . 10 . 21 11 2 5 . . . . . . Pick Up 143 | 6 14 1 4 . 18 3 12 7 5 8 6 22 12 16 . 9 Fast Attach 73 | 7 7 1 2 . 8 1 4 1 4 8 2 16 2 6 . 4 Attach 70 | . 1 1 1 . 7 2 . 2 2 5 3 6 2 14 . 24 Detach 19 | . . 1 1 . 4 . . . 1 1 . 4 . 3 . 4 Swap 71 | . 3 . . . 3 7 5 8 4 3 4 21 8 2 . 3 Drop 141 | . 7 . 9 . 20 4 17 7 10 12 4 32 13 5 . 1 Fire 469 | 23 28 18 . . 54 36 54 9 16 38 18 77 36 41 . 21 Melee 36 | . . . . . . . . 3 . . . 4 2 . . 27 Ram 1 | . . . . . 1 . . . . . . . . . . . Kick 6 | . . . . 2 . . . . . . . 4 . . . . Crush 8 | 1 2 . . . . . . . . . . 3 2 . . . Escape Stasis 33 | . . . . . . . . 14 . 19 . . . . . . Rewire 40 | . . . . . . . . . . . . . 22 18 . . Trap 5 | . . . . . . . . . . . . . 5 . . . Miscellaneous . | . . . . . . . . . . . . . . . . . Route ------- -11/Scrapyard -10/Materials -10/Mines -10/Exiles (discovered 2 exits: [*Min x2]) -9/Mines -8/Materials (discovered 2 exits: *Fac / Gar) -8/Garrison (discovered 2 exits: *Mat x2) -8/Materials (discovered 2 exits: *Fac x2) -7/Factory -6/Factory (discovered 2 exits: *Fac / Gar) -6/Garrison -5/Factory -4/Factory -4/Upper Caves -4/Upper Caves (discovered 2 exits: [*Res] / [*Zhi]) -4/Zhirov -3/Proximity Caves History --------- Turn | Location | Event 44 | -11/Scrapyard | Discovered new exit (range 16) 255 | -11/Scrapyard | Entered Materials 313 | -10/Materials | Build established: Mutant 785 | -10/Materials | Discovered new exit (range 16) 842 | -10/Materials | Entered Mines 885 | -10/Mines | Met a Derelict bent on vengeance 971 | -10/Mines | Assembled infested the area 1005 | -10/Mines | Assisted by bots powering up and referring to "LRC-V3" 1385 | -10/Mines | Deemed a non-threat by the Exiles lab entrance 1385 | -10/Mines | Discovered new exit (range 5) 1475 | -10/Mines | Entered Exiles 1475 | -10/Exiles | Accompanied by 2 allies 1502 | -10/Exiles | Discovered new exit (range 15) 1589 | -10/Exiles | Met 8R-AWN 1613 | -10/Exiles | Met EX-HEX 1655 | -10/Exiles | Met EX-BIN 1674 | -10/Exiles | Aligned with FarCom system 1676 | -10/Exiles | Given EX-Vault access code 1710 | -10/Exiles | Opened EX-Vault 1733 | -10/Exiles | Found Flying Fortress v7 1768 | -10/Exiles | Warned to stay clear of 0b10 Research branches 1812 | -10/Exiles | Met EX-DEC 1821 | -10/Exiles | Learned location of Zion (-6) 1992 | -10/Exiles | Discovered new exit (range 10) 2008 | -10/Exiles | Left Exiles lab with Flying Fortress v7 2008 | -10/Exiles | Entered Mines 2008 | -9/Mines | Accompanied by 2 allies 2173 | -9/Mines | Discovered new exit (range 6) 2183 | -9/Mines | Entered Materials 2183 | -8/Materials | Accompanied by 2 allies 2183 | -8/Materials | Evolved 4 slots: Propulsion x2, Utility x2 3174 | -8/Materials | Identified exit to Garrison 3280 | -8/Materials | Garrison activated, responded to threat 3841 | -8/Materials | Discovered new exit (range 16) 3967 | -8/Materials | Entered Garrison 4200 | -8/Garrison | Triggered checkpoint 4272 | -8/Garrison | Discovered new exit (range 12) 4304 | -8/Garrison | Triggered checkpoint 5069 | -8/Garrison | Discovered new exit (range 8) 5077 | -8/Garrison | Installed Relay Interface Framework 5079 | -8/Garrison | Entered Materials 5575 | -8/Materials | Discovered new exit (range 15) 5797 | -8/Materials | Identified exit to Garrison 5879 | -8/Materials | First assault squad dispatched 5959 | -8/Materials | Discovered new exit (range 5) 5991 | -8/Materials | Entered Factory 5991 | -7/Factory | Evolved 2 slots: Power x1, Propulsion x1 6370 | -7/Factory | Discovered new exit (range 13) 6391 | -7/Factory | First assault squad dispatched 6396 | -7/Factory | Repaired Imp. Light Armor Plating? 6470 | -7/Factory | Entered another Factory area 6470 | -6/Factory | Spotted B-75 Beast 6470 | -6/Factory | Evolved 2 slots: Utility x2 6720 | -6/Factory | Discovered new exit (range 16) 6860 | -6/Factory | Identified exit to Garrison 6868 | -6/Factory | Entered Garrison 6886 | -6/Garrison | Triggered checkpoint 7243 | -6/Garrison | Garrison Relay disabled 8013 | -6/Garrison | Destroyed 8 combat bots 8220 | -6/Garrison | Build established: Scavenger-Mutant 8250 | -6/Garrison | Discovered new exit (range 12) 8276 | -6/Garrison | Expanded RIF knowledge: Alert ID Control 8286 | -6/Garrison | Entered Factory 8286 | -5/Factory | Evolved 2 slots: Weapon x2 8891 | -5/Factory | Discovered new exit (range 16) 9241 | -5/Factory | Entered another Factory area 9241 | -4/Factory | Accompanied by 1 ally 9241 | -4/Factory | Evolved 2 slots: Utility x2 9455 | -4/Factory | Garrison activated, responded to threat 9515 | -4/Factory | Spotted B-86 Titan 10186 | -4/Factory | Build established: Scavenger-Tank 10642 | -4/Factory | Discovered new exit (range 6) 10679 | -4/Factory | Entered Upper Caves 10703 | -4/Upper Caves | Learned location of Testing (-2) 10862 | -4/Upper Caves | Learned Research stockpile data 11236 | -4/Upper Caves | Build established: Hauler-Mutant 11531 | -4/Upper Caves | Attacked by a delusional Derelict stockpiling Unaware 11838 | -4/Upper Caves | Build established: Hauler-Tank 12161 | -4/Upper Caves | Build established: Hauler-Mutant 12371 | -4/Upper Caves | Attracted the attention of an 0b10 checkpoint 12684 | -4/Upper Caves | Build established: Hauler-Tank 12892 | -4/Upper Caves | Discovered new exit (range 8) 13216 | -4/Upper Caves | Attracted the attention of an 0b10 base 13257 | -4/Upper Caves | Lost 4 parts (2u2w) 13620 | -4/Upper Caves | Learned 6 Proximity Caves zone layouts 13620 | -4/Upper Caves | Learned Armory security intel 13822 | -4/Upper Caves | Build established: Hauler-Mutant 13916 | -4/Upper Caves | Entered another Upper Caves area 13916 | -4/Upper Caves | Accompanied by 3 allies 13925 | -4/Upper Caves | Discovered new exit (range 14) 14091 | -4/Upper Caves | Attracted the attention of an 0b10 checkpoint 14178 | -4/Upper Caves | Destroyed 7 combat bots 14180 | -4/Upper Caves | Lost 6 parts (1p2n1u2w) 14472 | -4/Upper Caves | Build established: Scavenger-Gunner 14765 | -4/Upper Caves | Encountered a Warlord checkpoint 15062 | -4/Upper Caves | Discovered new exit (range 15) 15199 | -4/Upper Caves | Attracted the attention of an 0b10 outpost 15250 | -4/Upper Caves | Lost 5 parts (2n1u2w) 15362 | -4/Upper Caves | Lost 4 parts (1n1u2w) 15471 | -4/Upper Caves | Learned location of Armory (-3) 15903 | -4/Upper Caves | Spotted B-86 Titan 16643 | -4/Upper Caves | Entered Zhirov 16643 | -4/Zhirov | Discovered new exit (range 3) 16659 | -4/Zhirov | Entered Proximity Caves 17181 | -3/Proximity Caves | Spotted B-86 Titan 17401 | -3/Proximity Caves | Lost 3 parts (1p2n) 17639 | -3/Proximity Caves | Build established: Scavenger-Mutant 17730 | -3/Proximity Caves | Core integrity fell below 50% 17782 | -3/Proximity Caves | Lost 14 parts (2p1n4u7w) 17912 | -3/Proximity Caves | Core integrity fell below 20% 17983 | -3/Proximity Caves | System corruption reached 10% 18023 | -3/Proximity Caves | Lost 10 parts (1p4n3u2w) 18169 | -3/Proximity Caves | Destroyed by S-43 Plague with Heavy Machine Gun Last Messages --------------- 17987_ Destroyed Adv. Heat Sink. 17987_ P-80 Master system corrupted by crushing effect. 17992_ Critical hit. 17992_ Flexi-carbon Leg destroyed. 17992_ System corrupted: Gravity Flail targeting data glitched. 17992_ Sml. Battery fried. 17992_ P-80 Master destroyed. 17997_ Acquired Imp. Antigrav System. 17999_ Imp. Antigrav System self-destruct mechanism malfunctions. 18000_ SYBUYP9GCHV6GZATECO4CGH1SR QX#XE&KK 18000_ Acquired Adv. Remote Datajack. 18003_ Acquired Imp. Antigrav System. 18037_ System corrupted: Heat flow error (+113). 18053_ >D&G4X3SG|X,IY>O&